 Dungeon Crawl Stone Soup version 0.28-a0-1594-ga885d4b3d6 (webtiles) character file.

Game seed: 3763254517843448455

114 issech the Cudgeller (level 4, -1/44 HPs)
             Began as a Troll Fighter on Jan 20, 2022.
             Slain by an ice beast (14 damage)
             ... on level 4 of the Dungeon.
             The game lasted 00:07:47 (2279 turns).

issech the Cudgeller (Troll Fighter)                Turns: 2279, Time: 00:07:48

Health: -1/44      AC:  4    Str: 24    XL:     4   Next: 67%
Magic:  3/3        EV:  9    Int:  4    God:
Gold:   60         SH:  7    Dex: 11    Spells: 3/3 levels left

rFire   . . .      SeeInvis .   y - +4 short sword (holy)
rCold   . . .      Faith    .   c - +0 kite shield
rNeg    . . .      Spirit   .   b - +0 robe
rPois   .          Reflect  .   (helmet restricted)
rElec   .          Harm     .   (no cloak)
rCorr   .          Rampage  .   (gloves unavailable)
Will    .....                   (boots unavailable)
Stlth   +.........              (no amulet)
HPRegen 0.94/turn               (no ring)
MPRegen 0.08/turn               (no ring)

@: no status effects
A: large, unfitting armour, claws 3, regeneration 1, shaggy fur 1, tough skin 1
a: no special abilities


You were on level 4 of the Dungeon.
You visited 1 branch of the dungeon, and saw 4 of its levels.

You collected 60 gold pieces.

Inventory:

Hand Weapons
 a - a +0 flail
 f - a +0 hunting sling
 i - a +1 dagger of venom
 k - a +0 hunting sling
 o - a +0 whip
 u - a +0 falchion
 y - a +4 short sword of holy wrath (weapon)
Missiles
 p - 21 bolts
 q - 21 arrows
 t - 17 stones (quivered)
Armour
 b - a +0 robe (worn)
 c - a +0 kite shield (worn)
Jewellery
 g - an amulet of faith
 s - a ring of protection from cold
Wands
 x - a wand of iceblast (6)
Scrolls
 j - a scroll of vulnerability {unknown}
 m - a scroll of torment {unknown}
 n - a scroll of blinking {unknown}
 r - 2 scrolls of identify {unknown}
 v - a scroll of enchant weapon {unknown}
 w - a scroll of fear {unknown}
Potions
 d - a potion of might
 e - a potion of curing {unknown}
 h - a potion of mutation {unknown}
 l - a potion of flight {unknown}


   Skills:
 + Level 2.8 Fighting
 + Level 3.1 Maces & Flails
 + Level 3.0 Dodging
 + Level 0.2 Stealth
 + Level 2.9 Shields


You had 3 spell levels left.
You didn't know any spells.
Your spell library contained the following spells:

 Spells                   Type           Power      Damage    Failure   Level
 Animate Skeleton         Necr           0%         N/A       80%         1
 Pain                     Necr           0%         1d4       80%         1
 Vampiric Draining        Necr           0%         2d6       99%         3
 Iskenderun's Battlesphe  Conj           0%         2d6       100%        5
 Iron Shot                Conj/Erth      0%         9d1       100%        6
 Spellforged Servitor     Conj/Summ      0%         N/A       100%        7


Dungeon Overview and Level Annotations

Branches:
Dungeon (4/15)
 Temple: D:4-7

Altars:


Innate Abilities, Weirdness & Mutations

You are too large for most types of armour.
You have claws for hands.
Your natural rate of healing is unusually fast.
You are covered in fur. (AC +1)
You have tough skin. (AC +1)


Message History

The kobold hits you with a +4 short sword of holy wrath. x2
You hit the kobold.
You kill the kobold!
You see here a +4 short sword of holy wrath.
y - a +4 short sword of holy wrath
Found a scroll labelled NUNAKHLASAD.
Found a shiny peridot ring.
Your +4 short sword of holy wrath softly glows with a divine radiance!
y - a +4 short sword of holy wrath (weapon)
You closely miss the ice beast.
The ice beast hits you but does no damage.
You barely miss the ice beast.
The ice beast hits you but does no damage.
You barely miss the ice beast.
The ice beast hits you but does no damage.
You hit the ice beast.
The ice beast is lightly wounded.
The ice beast closely misses you. The ice beast barely misses you.
You barely miss the ice beast.
The ice beast is lightly wounded.
The ice beast hits you. The ice beast freezes you!
You puncture the ice beast!
The ice beast is heavily wounded.
The ice beast hits you but does no damage.
You closely miss the ice beast.
The ice beast is heavily wounded.
The ice beast barely misses you.
You closely miss the ice beast.
The ice beast is heavily wounded.
The ice beast hits you. The ice beast freezes you.
You block the ice beast's attack.
You closely miss the ice beast.
The ice beast is heavily wounded.
The ice beast hits you. The ice beast freezes you!
You closely miss the ice beast.
The ice beast is heavily wounded.
The ice beast hits you.
* * * LOW HITPOINT WARNING * * *
The ice beast freezes you!
You die...

####...#####
...........
.......?.. .......
#...# #...# #...#
#Y..# #@..#
#####...#
#####......##
...#.###...###.
####.#<##..#......
#
#............#.###
#.##.##.#.#....##.#
#.......#......# #
##.#.##.###..#.#


You could see an ice beast.

Vanquished Creatures
  A gnoll (D:1)
  4 adders
  4 dart slugs
  An orc (D:3)
  2 bats
  5 endoplasms
  4 giant cockroaches
  5 goblins
  4 hobgoblins
  8 jackals (D:2)
  4 kobolds
  A quokka (D:2)
  6 ball pythons
  2 frilled lizards (D:3)
  3 rats (D:2)
54 creatures vanquished.

Notes
Turn   | Place    | Note
-------+----------+-------------------------------------------
     0 | D:1      | issech the Troll Fighter began the quest for the Orb.
     0 | D:1      | Reached XP level 1. HP: 22/22 MP: 0/0
   256 | D:1      | Found a faded altar of an unknown god.
   293 | D:1      | Reached XP level 2. HP: 29/29 MP: 1/1
   704 | D:2      | Reached XP level 3. HP: 36/36 MP: 2/2
   830 | D:2      | Upgraded the game from 0.28-a0-1567-g1695149f81 to
                  | 0.28-a0-1594-ga885d4b3d6
  1308 | D:2      | Reached XP level 4. HP: 36/44 MP: 3/3
  2252 | D:4      | Noticed an ice beast
  2279 | D:4      | Slain by an ice beast

Illustrated notes

Levels and vault maps discovered:
D:1:      ncdulo_smallfort, layout_loops_cross,
          hellmonk_ecumenical_altar_slurped_away
D:2:      layout_basic, minmay_misc_feat_tiny
D:3:      layout_basic
D:4:      layout_loops_cross

Skill      XL: |  1  2  3  4 |
---------------+-------------+-----
Maces & Flails | 2 3 |  3.1
Dodging        | 3 |  3.0
Fighting       | |  2.8
Stealth        | |  0.2
Shields        | |  2.9

Action                   |  1- 3 |  4- 6 || total
-------------------------+-------+-------++-------
Melee: Flail             |   125 |    84 ||   209
       Short sword       |       |    10 ||    10
 Stab: Sleeping          |     3 |     1 ||     4
Armor: Robe              |    54 |    34 ||    88
Dodge: Dodged            |    62 |    63 ||   125
Block: Kite shield       |    48 |    53 ||   101

Table legend: (Time is in decaauts)
 A = Elapsed time spent in this place.
 B = Non-inter-level travel time spent in this place.
 C = Inter-level travel time spent in this place.
 D = Time resting spent in this place.
 E = Time spent auto-exploring this place.
 F = Levels seen in this place.
 G = Mean time per level.
                   A        B        C        D        E       F      G
               +--------+--------+--------+--------+--------+-----+--------+
         Total |   2368 |   2241 |    127 |      0 |   1316 |   4 |  592.0 |
       Dungeon |   2368 |   2241 |    127 |      0 |   1316 |   4 |  592.0 |
               +--------+--------+--------+--------+--------+-----+--------+

Top non-repeatable levels by time:
     D:2: 846 daAuts
     D:3: 758 daAuts
     D:1: 698 daAuts
     D:4: 64 daAuts
